 Dungeon Crawl Stone Soup version 0.32-a0-953-g508020473e (webtiles) character file.

Game seed: 13584931833186144569

98561 Dirtsage the Geomancer (level 15, -12/110 HPs)
             Began as a Demonspawn Fire Elementalist on Apr 16, 2024.
             Was a High Priest of Vehumet.
             Shot with an arrow by Nessos (16 damage)
             ... on level 14 of the Dungeon.
             The game lasted 01:36:36 (24171 turns).

Dirtsage the Geomancer (DsFE)                      Turns: 24171, Time: 01:36:36

Health: -12/110    AC: 16    Str: 10    XL:     15   Next: 75%
Magic:  0/26       EV: 12    Int: 22    God:    Vehumet [*****.]
Gold:   1187       SH:  0    Dex: 13    Spells: 0/28 levels left

rFire   . . .        (no weapon)
rCold   . . .        M - orb {*channel}
rNeg    + . .        I - +0 acid dragon scales
rPois   +            b - +2 hat {Stlth+}
rElec   .            O - +1 cloak {Will+}
rCorr   +            R - +0 pair of gloves
SInv    .            N - +1 pair of boots "Muso" {rN+}
Will    ++...        D - amulet of magic regeneration
Stlth   ++           W - ring of wizardry
HPRegen 0.38/turn    P - ring of poison resistance
MPRegen 0.80/turn

%: guardian spirit, wizardry (x1), channel magic (20%)
@: studying Conjurations
A: antennae 2, powered by death 2, magic shield, magic regeneration, sharp
scales 1, corrupting presence 1
a: Renounce Religion


You were on level 14 of the Dungeon.
You worshipped Vehumet.
Vehumet was extremely pleased with you.
You visited 4 branches of the dungeon, and saw 22 of its levels.
You also visited: Ossuary.

You collected 1937 gold pieces.
You spent 750 gold pieces at shops.

Inventory:

Missiles
 s - 5 curare-tipped darts
Armour
 b - a +2 hat of stealth (worn)
 f - the +6 scale mail of Repraakyg {rN++ Int-3 SInv}
   (You took it off a hobgoblin on level 4 of the Dungeon)

   Int-3:     It affects your intelligence (-3).
   rN++:      It greatly protects you from negative energy.
   SInv:      It lets you see invisible.
 I - +0 acid dragon scales (worn)
 M - an orb of energy (worn)
 N - the +1 pair of boots "Muso" (worn) {rN+}
   (You found it on level 8 of the Dungeon)

   rN+:       It protects you from negative energy.
 O - a +1 cloak of willpower (worn)
 R - a +0 pair of gloves (worn)
Magical Staves
 g - a staff of air
 l - a staff of death
Jewellery
 k - a ring of ice
 D - an amulet of magic regeneration (around neck)
 E - a ring of fire
 F - an amulet of regeneration
 P - a ring of poison resistance (right hand)
 S - a ring of see invisible
 T - the ring of Ibovuag {Fire Slay+2 Stlth+}
   (You found it on level 11 of the Dungeon)

   [ring of fire]

   Fire:      It enhances your fire magic.
   Slay+2:    It affects your accuracy & damage with ranged weapons and melee
   (+2).
   rF+:       It protects you from fire.
   rC-:       It makes you vulnerable to cold.
   Stlth+:    It makes you more stealthy.
 U - a ring of magical power
 V - a ring of flight
 W - a ring of wizardry (left hand)
Wands
 i - a wand of iceblast (15)
 z - a wand of quicksilver (6)
 C - a wand of mindburst (11)
 H - a wand of charming (5)
Scrolls
 c - 3 scrolls of noise {unknown}
 r - 3 scrolls of torment {unknown}
 t - a scroll of teleportation
 u - 2 scrolls of enchant weapon
 x - a scroll of vulnerability
 y - 2 scrolls of immolation {unknown}
 G - 3 scrolls of butterflies {unknown}
 J - 8 scrolls of fog
 K - 3 scrolls of revelation {unknown}
 L - 2 scrolls of poison {unknown}
 Q - 2 scrolls of fear {unknown}
 X - 2 scrolls of enchant armour {unknown}
 Y - 2 scrolls of amnesia
 Z - a scroll of silence
Potions
 d - 3 potions of lignification
 e - 3 potions of mutation
 h - a potion of haste
 j - 6 potions of enlightenment
 m - 4 potions of brilliance
 n - a potion of resistance
 o - a potion of attraction
 p - 3 potions of cancellation
 q - 6 potions of curing
 v - 7 potions of degeneration
 w - a potion of berserk rage
 A - a potion of ambrosia
 B - 2 potions of might {unknown}
Miscellaneous
 a - a Gell's gravitambourine (2/2)


   Skills:
 - Level 8.2 Fighting
 - Level 6.2 Staves
 - Level 5.1 Armour
 - Level 5.3 Dodging
 - Level 1.7 Stealth
 - Level 7.4 Spellcasting
 - Level 12.7 Conjurations
 + Level 13.3 Fire Magic
 - Level 14.0 Earth Magic
 - Level 1.5 Evocations


You couldn't memorise any spells.
You knew the following spells:

 Your Spells              Type           Power      Damage    Failure   Level
a - Foxfire               Conj/Fire      100%       2x1d9     1%          1
b - Scorch                Fire           100%       2d9       1%          2
c - Volatile Blastmotes   Fire/Tloc      74%        2d16      1%          3
d - Bombard               Conj/Erth      30%        9d5       2%          6
e - Ignition              Fire           30%        3d10      41%         8
x - Stone Arrow           Conj/Erth      100%       3d13      1%          3
z - Lee's Rapid Deconstr  Erth           31%        3d16*     1%          5

Your spell library contained the following spells:

 Spells                   Type           Power      Damage    Failure   Level
 Permafrost Eruption      Ice/Erth       19%        2x4d5     17%         6
 Kiss of Death            Conj/Necr      100%       2d13      1%          1
 Sting                    Conj/Alch      100%       1d9       1%          1
 Hailstorm                Conj/Ice       36%        3d9       1%          3
 Inner Flame              Hex/Fire       37%        N/A       1%          3
 Flame Wave               Conj/Fire      60%        2d14      1%          4
 Iskenderun's Mystic Bla Conj/Tloc 36%            2d9        (+2d4     2%          4
 Freeze                   Ice            32%        1d5       3%          1
 Mercury Vapours          Alch/Air       16%        N/A       4%          2
 Irradiate                Conj/Alch      18%        3d17      5%          5
 Frozen Ramparts          Ice            16%        1d3       7%          3
 Animate Armour           Summ/Erth      78%        N/A       8%          4
 Petrify                  Alch/Erth      39%        N/A       8%          4
 Apportation              Tloc           16%        N/A       12%         1
 Jinxbite                 Hex            16%        N/A       16%         2
 Lesser Beckoning         Tloc           16%        N/A       16%         2
 Sublimation of Blood     Necr           8%         N/A       16%         2
 Olgreb's Toxic Radiance  Alch           8%         N/A       19%         4
 Maxwell's Portable Pile  Tloc           8%         2d(6-16)  26%         3
 Teleport Other           Tloc           8%         N/A       26%         3
 Tukima's Dance           Hex            8%         N/A       26%         3
 Lehudib's Crystal Spear  Conj/Erth      30%        10d8      38%         8
 Magnavolt                Erth/Air       19%        3d13      54%         7
 Dimensional Bullseye     Hex/Tloc       4%         N/A       58%         4
 Eringya's Noxious Bog    Alch           4%         4d6       85%         6
 Alistair's Intoxication  Alch           5%         N/A       86%         5
 Summon Forest            Summ/Tloc      4%         N/A       86%         5
 Seismic Cannonade        Alch/Erth      19%        6d8       96%         7
 Fulsome Fusillade        Conj/Alch      18%        (3-5)d8   99%         8
 Summon Hydra             Summ           4%         N/A       100%        7


Dungeon Overview and Level Annotations

Branches:
Dungeon (15/15)            Temple (1/1) D:7            Lair (5/5) D:9
 Shoals (0/4) Lair:2       Spider (1/4) Lair:3        Slime (0/5) Lair:4
    Orc (0/2) D:12         Depths (0/4) D:15        Ossuary (visited)
 Vaults: D:13-14

Altars:
Ashenzari
Cheibriados
Dithmenos
Fedhas
Gozag
Hepliaklqana
Kikubaaqudgha
Makhleb
Nemelex Xobeh
Okawaru
Qazlal
Ru
Sif Muna
Trog
Uskayaw
Vehumet
Wu Jian
Xom
Yredelemnul
Jiyva

Shops:
D:2 =   D:9 (   D:12 [

Annotations:
D:5 1 runed translucent door, Crazy Yiuf
D:7 3 runed translucent doors, TobyConnect's ghost, amateur DsCj
D:11 Gladio's ghost, journeyman NaSh
D:14 4 runed translucent doors, Nessos
D:15 Josephine
Lair:4 2 runed translucent doors, Urontig's ghost, journeyman AtMo


Innate Abilities, Weirdness & Mutations

You have a pair of antennae on your head.
You regenerate health from kills.
When hurt, damage is shared between your health and your magic reserves.
You regenerate magic rapidly.
You are partially covered in razor-sharp scales. (AC +1, Slay +1)
Your presence sometimes corrodes those you injure.


Message History

Confirm with . or Enter, or press ? or * to list all spells.
Aiming: Bombard (dangerous; 2% risk of failure)
Press: ? - help, Shift-Dir - straight line, f/p - tengu warrior
Aim: a tengu warrior, wielding a +2 great mace and wearing a +0 leather armour (51% to hit)
The iron shot hits the tengu warrior!!
Your corrupting presence corrodes the tengu warrior!
The tengu warrior is heavily wounded.
The tengu warrior hits you with a +2 great mace.
The tengu warrior pecks you.
* * * LOW HITPOINT WARNING * * *
The tengu warrior misses you.
The deep elf pyromancer gestures at you while chanting.
The pyre arrow hits you.
You are covered in intense liquid fire!
You take 8 damage, and have 33/110 hp.
You now have 6/26 mp.
Casting: Bombard (dangerous; 2% risk of failure)
Confirm with . or Enter, or press ? or * to list all spells.
Aiming: Bombard (dangerous; 2% risk of failure)
Press: ? - help, Shift-Dir - straight line, f/p - tengu warrior
Aim: a tengu warrior, wielding a +2 great mace and wearing a +0 leather armour (heavily wounded, covered in acid, 51% to hit)
The iron shot misses the tengu warrior.
The liquid fire burns you!
* * * LOW HITPOINT WARNING * * *
The tengu warrior hits you with a +2 great mace.
* * * LOW HITPOINT WARNING * * *
The tengu warrior pecks you but does no damage.
The tengu warrior claws you but does no damage.
The deep elf pyromancer casts a spell.
You take 22 damage, and have 11/110 hp.
You now have 1/26 mp.
You feel better. The liquid fire burns you!
* * * LOW HITPOINT WARNING * * *
Your surroundings suddenly seem different.
Nessos shouts!
Nessos casts a spell.
Nessos blinks!
You take 8 damage, and have 3/110 hp.
You are no longer on fire.
You feel magically purged.
Nessos shoots an arrow.
The arrow hits you!!
You die...

.##yy.
..##...##..#......#
#..#..y#..+#..c...#
...##y##...§......#
....#+#...........#
....#)#...........#
....###...........#
.....#...........<#
.....#..........@.#
####.#".####......#
+......#...'......#
#......#...#......#
#####'###(.#......#
###....##..#......#
(.......#..'[.....#
>..........#......#
.....###+++###....#


You could see Nessos.

Vanquished Creatures
  Gastronok (Lair:1)
  Azrael (D:15)
  A demonspawn black sun (D:13)
  A fire dragon (Lair:5)
  The ghost of Konar the Skirmisher, a journeyman CoHu of Okawaru (D:11)
  3 catoblepae
  7 hydras
  2 two-headed ogres
  2 boulder beetles
  The ghost of Uttufod the Cleaver, a journeyman GrHu of Yredelemnul (D:11)
  2 centaur warriors
  A demonic crawler (Lair:3)
  3 death yaks (Lair:4)
  Sonja (Lair:1)
  2 sun demons (D:13)
  2 skysharks
  3 skeletal warriors (D:15)
  A flayed ghost (D:15)
  A lindwurm (Lair:5)
  A necromancer (D:15)
  2 large abominations (D:13)
  An ugly thing (D:9)
  An oklob plant (Lair:2)
  2 cyclopes
  A deep elf pyromancer (D:9)
  2 manticores
  Joseph (Lair:1)
  3 meliai (D:14)
  3 molten gargoyles (Lair:5)
  11 elephants
  5 black mambas
  9 cane toads
  A torpor snail (Lair:3)
  Jeremiah (D:8)
  Maggie (D:6)
  An unseen horror (D:11)
  3 rime drakes
  14 komodo dragons
  A tengu conjurer (D:13)
  2 efreet
  6 kobold demonologists
  6 trolls
  A polar bear (Lair:5)
  A hornet (D:8)
  A tarantella (Spider:1)
  A wind drake (Lair:2)
  A jumping spider (Lair:3)
  12 dream sheep (Lair:5)
  25 blink frogs
  A shadow (D:11)
  A small abomination (D:13)
  A centaur simulacrum (D:14)
  A spriggan skeleton (D:15)
  8 wyverns
  7 slime creatures
  3 wraiths
  2 fire elementals (D:15)
  2 culicivoras (Lair:3)
  65 yaks
  3 basilisks
  3 steam dragons
  6 redbacks
  Menkaure (Ossuary)
  Grum (D:8)
  6 vampire mosquitoes
  Edmund (D:6)
  11 water moccasins
  An acid dragon (D:11)
  5 hell hounds (Lair:5)
  2 ice beasts
  3 orc warriors
  A sky beast (D:7)
  4 ogres
  5 black bears
  4 centaurs
  29 wolves
  Blork the orc (D:6)
  5 kobold brigands
  10 bullfrogs
  2 gnoll sergeants
  2 scorpions
  5 wights (D:6)
  18 killer bees
  2 howler monkeys
  5 lava snakes (Lair:5)
  6 jellies
  3 hounds (D:5)
  A gnoll bouda (D:7)
  14 orc priests
  3 sleepcaps
  Ijyb (D:3)
  2 iguanas
  12 orc wizards
  3 mummies (Ossuary)
  12 gnolls
  12 adders
  2 white imps
  6 ufetubi (D:6)
  A dart slug (D:1)
  3 ribbon worms
  46 orcs
  6 endoplasms
  5 giant cockroaches
  6 gnoll zombies (Ossuary)
  13 goblins
  9 hobgoblins
  4 jackals
  19 kobolds
  2 quokkas (D:4)
  5 ball pythons
  2 bats
  2 frilled lizards
  4 gnoll skeletons (Ossuary)
  3 goblin skeletons (Ossuary)
  A goblin zombie (Ossuary)
  4 hobgoblin skeletons (Ossuary)
  4 hobgoblin zombies (Ossuary)
  5 kobold skeletons (Ossuary)
  8 kobold zombies (Ossuary)
  5 orc skeletons (Ossuary)
  2 orc zombies (Ossuary)
  8 rats
  4 rat skeletons (Ossuary)
  4 rat zombies (Ossuary)
635 creatures vanquished.

Vanquished Creatures (collateral kills)
  4 foxfires
4 creatures vanquished.

Vanquished Creatures (others)
  2 large abominations (D:13)
  A spriggan zombie (D:15)
  886 foxfires
889 creatures vanquished.

Grand Total: 1528 creatures vanquished

Notes
Turn   | Place    | Note
-------+----------+-------------------------------------------
     0 | D:1      | Dirtsage the Demonspawn Fire Elementalist began the quest
                  | for the Orb.
     0 | D:1      | Reached XP level 1. HP: 13/13 MP: 3/3
   175 | D:1      | Gained mutation: You have a pair of small antennae on your
                  | head. [demonic ancestry]
   175 | D:1      | Reached XP level 2. HP: 10/19 MP: 1/5
   342 | D:1      | Learned a level 2 spell: Scorch
   654 | D:1      | Gained mutation: You regenerate magic rapidly. [demonic
                  | ancestry]
   654 | D:1      | Reached XP level 3. HP: 24/24 MP: 3/6
  1035 | D:2      | Found Jehiur's Jewellery Shoppe.
  1251 | D:2      | Gained mutation: You regenerate a little health from kills.
                  | [demonic ancestry]
  1251 | D:2      | Reached XP level 4. HP: 27/30 MP: 7/7
  1924 | D:3      | Reached skill level 5 in Fire Magic
  1984 | D:3      | Noticed Ijyb
  1989 | D:3      | Killed Ijyb
  1990 | D:3      | Reached XP level 5. HP: 30/35 MP: 1/8
  2634 | D:4      | Found a sand-covered staircase.
  2639 | Ossuary  | Entered an ossuary
  2779 | Ossuary  | Learned a level 3 spell: Volatile Blastmotes
  3442 | Ossuary  | Gained mutation: You have a pair of antennae on your head.
                  | [demonic ancestry]
  3442 | Ossuary  | Reached XP level 6. HP: 41/41 MP: 6/9
  3448 | Ossuary  | Noticed Menkaure
  3456 | Ossuary  | Killed Menkaure
  3662 | D:4      | Found a snail-covered altar of Cheibriados.
  3738 | D:4      | Gained mutation: You are partially covered in razor-sharp
                  | scales. (AC +1, Slay +1) [demonic ancestry]
  3738 | D:4      | Reached XP level 7. HP: 46/46 MP: 3/10
  3832 | D:4      | Found an ancient bone altar of Kikubaaqudgha.
  4451 | D:5      | Entered Level 5 of the Dungeon
  4796 | D:5      | Found a bloodstained altar of Trog.
  4802 | D:5      | Found a broken altar of Ashenzari.
  4902 | D:5      | Found a runed translucent door.
  4903 | D:5      | Noticed Crazy Yiuf
  5268 | D:5      | Found an iron altar of Okawaru.
  5282 | D:5      | Reached XP level 8. HP: 51/52 MP: 4/11
  5606 | D:5      | Found a burning altar of Makhleb.
  5612 | D:5      | Found an opulent altar of Gozag.
  5615 | D:5      | Found a shadowy altar of Dithmenos.
  5934 | D:6      | Noticed Edmund
  5997 | D:6      | Noticed Blork the orc
  6267 | D:6      | Killed Edmund
  6428 | D:6      | Reached skill level 10 in Fire Magic
  6739 | D:6      | Noticed Maggie
  6746 | D:6      | Killed Maggie
  6747 | D:6      | Reached XP level 9. HP: 57/57 MP: 12/15
  6813 | D:6      | Found a sacrificial altar of Ru.
  6860 | D:6      | Reached skill level 5 in Spellcasting
  7055 | D:6      | Killed Blork the orc
  7368 | D:6      | Reached skill level 1 in Earth Magic
  7604 | D:7      | Reached skill level 1 in Fighting
  7630 | D:7      | Found a runed translucent gate.
  7630 | D:7      | Noticed a cyan ugly thing
  7630 | D:7      | Noticed TobyConnect's ghost (amateur DsCj)
  7631 | D:7      | Found a runed translucent gate.
  7632 | D:7      | Found a runed translucent gate.
  7658 | D:7      | Found a staircase to the Ecumenical Temple.
  7665 | Temple   | Entered the Ecumenical Temple
  7692 | Temple   | Became a worshipper of Vehumet
  7722 | D:7      | Reached skill level 2 in Earth Magic
  7854 | D:7      | Identified the +9 battleaxe "Juagelot" {drain, Int+5}
  7876 | D:7      | Reached skill level 3 in Earth Magic
  7966 | D:7      | Found a sparkling altar of Nemelex Xobeh.
  8533 | D:8      | Learned a level 5 spell: Lee's Rapid Deconstruction
  8572 | D:8      | Reached skill level 4 in Earth Magic
  8771 | D:8      | Gained mutation: When hurt, damage is shared between your
                  | health and your magic reserves. [demonic ancestry]
  8771 | D:8      | Reached XP level 10. HP: 70/70 MP: 15/19
  8797 | D:8      | Noticed Grum
  8813 | D:8      | Reached * piety under Vehumet
  8813 | D:8      | Offered knowledge of Freeze by Vehumet.
  8830 | D:8      | Killed Grum
  9038 | D:8      | Reached skill level 5 in Earth Magic
  9066 | D:8      | Noticed Jeremiah
  9195 | D:8      | Killed Jeremiah
  9270 | D:8      | Identified the +1 pair of boots "Muso" {rN+}
  9488 | D:8      | Paralysed by a hornet for 2 turns
  9641 | D:9      | Noticed a brown ugly thing
  9652 | D:9      | Killed a brown ugly thing
  9653 | D:9      | Reached skill level 6 in Earth Magic
  9859 | D:9      | Found a basalt altar of Yredelemnul.
  9895 | D:9      | Reached skill level 5 in Fighting
  9917 | D:9      | Reached ** piety under Vehumet
  9917 | D:9      | Offered knowledge of Sandblast by Vehumet.
  9994 | D:9      | Found a staircase to the Lair.
 10026 | D:9      | Found an ornate altar of the Wu Jian Council.
 10134 | D:9      | Reached skill level 7 in Earth Magic
 10220 | D:9      | Found Lyst's Antique Weapon Emporium.
 10365 | D:9      | Noticed a two-headed ogre
 10379 | D:9      | Killed a two-headed ogre
 10380 | D:9      | Reached XP level 11. HP: 65/80 MP: 22/22
 10450 | D:9      | Noticed a deep elf pyromancer
 10469 | D:9      | Killed a deep elf pyromancer
 10780 | D:10     | Entered Level 10 of the Dungeon
 10925 | D:10     | Reached skill level 8 in Earth Magic
 11209 | D:10     | Noticed a two-headed ogre
 11215 | D:10     | Killed a two-headed ogre
 11215 | D:10     | Offered knowledge of Stone Arrow by Vehumet.
 11220 | D:10     | Learned a level 3 spell: Stone Arrow
 11530 | D:11     | Reached skill level 9 in Earth Magic
 11630 | Lair:1   | Entered Level 1 of the Lair of Beasts
 11658 | Lair:1   | Noticed Gastronok
 11680 | Lair:1   | Killed Gastronok
 11786 | Lair:1   | Noticed Joseph
 11799 | Lair:1   | Killed Joseph
 11934 | Lair:1   | Reached *** piety under Vehumet
 11999 | Lair:1   | Reached skill level 5 in Conjurations
 12011 | Lair:1   | Reached skill level 10 in Earth Magic
 12176 | Lair:1   | Offered knowledge of Brom's Barrelling Boulder by Vehumet.
 12330 | Lair:1   | Gained mutation: You regenerate health from kills. [demonic
                  | ancestry]
 12330 | Lair:1   | Reached XP level 12. HP: 87/87 MP: 23/23
 12634 | Lair:1   | Noticed Sonja
 12640 | Lair:1   | Killed Sonja
 13231 | Lair:2   | Noticed a seven-headed hydra
 13272 | Lair:2   | Killed a seven-headed hydra
 13273 | Lair:2   | Reached skill level 11 in Earth Magic
 13455 | Lair:2   | Noticed a catoblepas
 13476 | Lair:2   | Killed a catoblepas
 13743 | Lair:2   | Reached **** piety under Vehumet
 13750 | Lair:2   | Offered knowledge of Fulminant Prism by Vehumet.
 13853 | Lair:2   | Found a staircase to the Shoals.
 13881 | Lair:2   | Reached skill level 12 in Earth Magic
 14416 | Lair:2   | Identified 4 scrolls of acquirement
 14416 | Lair:2   | Acquired 806 gold pieces
 14417 | Lair:2   | Acquired a +1 cloak of willpower
 14418 | Lair:2   | Acquired a manual of Conjurations
 14419 | Lair:2   | Acquired a staff of earth
 14496 | Lair:3   | Noticed a catoblepas
 14506 | Lair:3   | Killed a catoblepas
 14530 | Lair:3   | Reached skill level 1 in Armour
 14530 | Lair:3   | Gained mutation: Your presence sometimes corrodes those you
                  | injure. [demonic ancestry]
 14530 | Lair:3   | Reached XP level 13. HP: 92/93 MP: 9/24
 14742 | Lair:3   | Reached skill level 10 in Conjurations
 14912 | Lair:3   | Reached XP level 14. HP: 100/100 MP: 25/25
 15536 | Lair:3   | Found a hole to the Spider Nest.
 15718 | Lair:4   | Reached ***** piety under Vehumet
 15723 | Lair:4   | Offered knowledge of Bombard by Vehumet.
 15731 | Lair:4   | Learned a level 6 spell: Bombard
 15805 | Lair:4   | Found a large runed translucent door.
 15805 | Lair:4   | Found a large runed translucent door.
 15807 | Lair:4   | Noticed Urontig's ghost (journeyman AtMo)
 16483 | Lair:4   | Found a viscous altar of Jiyva.
 16483 | Lair:4   | Found a staircase to the Slime Pits.
 16535 | Lair:4   | Reached skill level 13 in Earth Magic
 17106 | Lair:5   | Entered Level 5 of the Lair of Beasts
 17854 | Lair:5   | Offered knowledge of Ignite Poison by Vehumet.
 17926 | Lair:5   | Reached XP level 15. HP: 101/110 MP: 18/26
 18084 | Lair:5   | Reached skill level 5 in Dodging
 18098 | Lair:5   | Found a large runed translucent door.
 18098 | Lair:5   | Found a large runed translucent door.
 18910 | D:11     | Found a runed translucent gate.
 18910 | D:11     | Found a runed translucent gate.
 18911 | D:11     | Found a runed translucent gate.
 19370 | D:11     | Noticed Konar's ghost (journeyman CoHu)
 19370 | D:11     | Noticed Uttufod's ghost (journeyman GrHu)
 19371 | D:11     | Noticed Gladio's ghost (journeyman NaSh)
 19580 | D:11     | Killed Konar's ghost
 19581 | D:11     | Reached skill level 5 in Armour
 19581 | D:11     | Reached skill level 1 in Evocations
 19581 | D:11     | Killed Uttufod's ghost
 19783 | D:11     | Identified the ring of Ibovuag {Fire Slay+2 Stlth+}
 20077 | D:12     | Found a staircase to the Orcish Mines.
 20081 | D:12     | Reached skill level 14 in Earth Magic
 20355 | D:4      | Identified the +6 scale mail of Repraakyg {rN++ Int-3 SInv}
 20437 | D:2      | Bought a ring of wizardry for 390 gold pieces
 20449 | D:2      | Learned a level 8 spell: Ignition
 20814 | D:12     | Found Dodwu's Antique Armour Emporium.
 20821 | D:12     | Bought a faintly humming ring mail for 360 gold pieces
 20821 | D:12     | Identified the +1 ring mail "Loetab" {rCorr Dex+5 Slay-6}
                  | (You bought it in a shop on level 12 of the Dungeon)
 21828 | D:13     | Found an ancient bone altar of Kikubaaqudgha.
 22275 | D:13     | Got Sif Muna's Directory of The Black Sun
 22603 | Spider:1 | Entered Level 1 of the Spider Nest
 22611 | Spider:1 | Offered knowledge of Permafrost Eruption by Vehumet.
 23216 | D:14     | Found the +9 staff of Olgreb {rPois∞}
 23276 | D:14     | Found a runed translucent door.
 23280 | D:14     | Found a runed translucent gate.
 23280 | D:14     | Found a runed translucent gate.
 23465 | D:14     | Noticed Nessos
 23473 | D:15     | Entered Level 15 of the Dungeon
 23473 | D:15     | Noticed Azrael
 23492 | D:14     | Found a runed translucent gate.
 23493 | D:14     | Noticed an emperor scorpion
 23493 | D:14     | Noticed an emperor scorpion
 23542 | D:14     | HP: 1/110 [centaur warrior/arrow (9)]
 23565 | D:15     | Noticed Josephine
 24021 | D:15     | Killed Azrael
 24095 | D:15     | Found a staircase to the Depths.
 24170 | D:14     | HP: 3/110 [burnt (13)]
 24171 | D:14     | Shot with an arrow by Nessos

Illustrated notes

Levels and vault maps discovered:
D:1:      onia_arrival_pentagram, layout_rooms, grunt_decor_one_mirror,
          fountainhead
D:2:      layout_loops_ring, serial_shops, shop
D:3:      layout_loops_ring, uniq_ijyb
D:4:      layout_cave_pods, cheibriados_altar_1, mainiacjoe_overflow_brackets,
          enter_ossuary_2
D:5:      layout_loops_corners, mainiacjoe_overflow_catwalk_spiral,
          okawaru_trees_2, grunt_temple_overflow_diamond, st_stairs_11,
          uniq_crazy_yiuf_cottage, uniq_menkaure
D:6:      layout_loops_ring, zin_academy, hangedman_ru_absence,
          old_standard_altar, serial_rivers, chequers_serial_rivers_micro_e,
          chequers_serial_rivers_room_b, chequers_serial_rivers_micro_a,
          chequers_serial_rivers_large_b, chequers_serial_rivers_micro_e,
          chequers_serial_rivers_large_a, uniq_blork_the_orc, uniq_maggie,
          uniq_edmund
D:7:      layout_basic, nicolae_overflow_hidden_temple,
          minmay_temple_entry_statues_pillars, gammafunk_ghost_split,
          nicolae_sextant
D:8:      layout_basic, uniq_grum, uniq_jeremiah
D:9:      layout_irregular_city, mainiacjoe_overflow_six_doors_small,
          lemuel_tele_altar, david_lair_shrubbed, serial_shops,
          nicolae_shop_behind_doors, grunt_decor_junction,
          minmay_misc_feat_doors, billiards_dpeg
D:10:     layout_big_octagon
D:11:     layout_loops_ring, gammafunk_ghost_cemetery
D:12:     layout_loops_corners, orc_0_dummy, serial_shops, shop, drop_trap
D:13:     dreamdust_black_sun_cult, layout_stronghold, kiku_gazebo_garden_becter
D:14:     regret_index_reflect_refract, layout_gridville,
          ximxim_vaults_locker_room, minmay_misc_feat_x,
          minmay_guarded_unrand_staff_of_olgreb, uniq_nessos
D:15:     gammafunk_depths_entry_grave, layout_cave_pools, serial_shops, shop,
          corexii_leaking_fountain, uniq_josephine, uniq_azrael
Temple:   nicolae_temple_colour_theory
Lair:1:   layout_cave_pods, beast_lair_carwin_10, uniq_joseph, uniq_gastronok,
          uniq_sonja
Lair:2:   layout_cave_pods, minmay_shoals_entry_beasts, lemuel_old_faithful
Lair:3:   layout_long_grid, spider_nest_entry_funnel_web
Lair:4:   layout_layer_cave, slime_entry_2, ebering_ghost_disaster_area,
          lemuel_fruit_tree
Lair:5:   cheibrodos_lair_end_hotspot, layout_misc_corridors
Spider:1: layout_spider_delve

Skill      XL: |  1  2  3  4  5  6  7  8  9 10 11 12 13 14 15 |
---------------+----------------------------------------------+-----
Fire Magic     | 3 4 5 6 7 9 10 11 13 | 13.3
Spellcasting   | 4 6 7 |  7.4
Earth Magic    | 4 7 10 12 13 14 | 14.0
Fighting       | 3 5 6 7 8 |  8.2
Conjurations   | 5 9 10 12 | 12.7
Dodging        | 2 4 5 |  5.3
Armour         | 1 4 5 |  5.1
Staves         | 6 |  6.2
Evocations     | 1 |  1.5
Stealth        | |  1.7

Action                     |  1- 3 |  4- 6 |  7- 9 | 10-12 | 13-15 || total
---------------------------+-------+-------+-------+-------+-------++-------
  Melee: Club              |    42 |    18 |       |       |       ||    60
         Short sword       |       |    27 |     2 |    81 |       ||   110
         Trident           |       |       |    26 |       |       ||    26
         Staff             |       |       |       |       |    11 ||    11
  Throw: Dart              |       |       |       |     1 |     1 ||     2
   Cast: Foxfire           |    41 |   115 |   136 |   234 |     6 ||   532
         Scorch            |    12 |    32 |   114 |   131 |       ||   289
         Volatile Blastmot |       |     2 |    22 |     9 |     1 ||    34
         Stone Arrow       |       |       |       |   144 |   372 ||   516
         Lee's Rapid Decon |       |       |       |    35 |   107 ||   142
         Bombard           |       |       |       |       |    81 ||    81
  Evoke: Wand              |       |     1 |     3 |     2 |     2 ||     8
    Use: Scroll            |       |    10 |     1 |     7 |    16 ||    34
         Potion            |       |       |       |     2 |    10 ||    12
 Armour: Robe              |    16 |       |       |       |       ||    16
         Leather armour    |    27 |    34 |    68 |       |       ||   129
         Acid dragon scale |       |       |    30 |   276 |   241 ||   547
  Dodge: Dodged            |    42 |    19 |    55 |   133 |   135 ||   384

Table legend: (Time is in decaauts)
 A = Elapsed time spent in this place.
 B = Non-inter-level travel time spent in this place.
 C = Inter-level travel time spent in this place.
 D = Time resting spent in this place.
 E = Time spent auto-exploring this place.
 F = Levels seen in this place.
 G = Mean time per level.
                   A        B        C        D        E       F      G
               +--------+--------+--------+--------+--------+-----+--------+
         Total |  24265 |  22387 |   1878 |   1004 |  16378 |  23 | 1055.0 |
       Dungeon |  15756 |  14334 |   1422 |    822 |  10589 |  15 | 1050.4 |
        Temple |     41 |     12 |     29 |      0 |      0 |   1 |   41.0 |
          Lair |   7367 |   6941 |    426 |    144 |   5379 |   5 | 1473.4 |
   Spider Nest |    100 |    100 |      0 |      0 |     66 |   1 |  100.0 |
       Ossuary |    999 |    999 |      0 |     38 |    344 |   1 |  999.0 |
               +--------+--------+--------+--------+--------+-----+--------+

Top non-repeatable levels by time:
     D:5: 1633 daAuts
     D:9: 1611 daAuts
  Lair:5: 1549 daAuts
  Lair:1: 1520 daAuts
     D:6: 1495 daAuts
  Lair:4: 1442 daAuts
  Lair:3: 1435 daAuts
  Lair:2: 1420 daAuts
    D:11: 1295 daAuts
     D:8: 1194 daAuts
     D:4: 1106 daAuts
    D:13: 1059 daAuts
     D:2: 1036 daAuts
 Ossuary: 999 daAuts
    D:12: 976 daAuts
